 Dungeon Crawl Stone Soup version 0.26-a0-651-gb41185065b (webtiles) character file.

Game seed: 4368229217861803728

63 Lanoc the Firebug (level 4, -5/32 HPs)
             Began as a Gnoll Fire Elementalist on Oct 1, 2020.
             Killed from afar by Ijyb (10 damage)
             ... with a puff of flame
             ... on level 2 of the Dungeon.
             The game lasted 00:01:05 (798 turns).

Lanoc the Firebug (Gnoll Fire Elementalist)          Turns: 798, Time: 00:01:05

Health: -5/32      AC:  2    Str: 10    XL:     4   Next: 10%
Magic:  1/11       EV: 15    Int: 19    God:
Gold:   70         SH:  0    Dex: 15    Spells: 12/13 levels left

rFire    . . .     SeeInvis .     - Unarmed
rCold    . . .     Faith    .   (no shield)
rNeg     . . .     Spirit   .   a - +0 robe
rPois    .         Reflect  .   (no helmet)
rElec    .         Harm     .   (no cloak)
rCorr    .         Rampage  .   (no gloves)
MR       .....                  (no boots)
Stlth    +++.......             (no amulet)
HPRegen  0.10/turn              (no ring)
MPRegen  0.12/turn              (no ring)

@: no status effects
A: distributed training, fangs 1, strong nose
a: no special abilities


You were on level 2 of the Dungeon.
You visited 1 branch of the dungeon, and saw 3 of its levels.

You collected 70 gold pieces.

Inventory:

Armour
 a - a +0 robe (worn)
Scrolls
 b - a scroll of magic mapping {unknown}
 c - a scroll of fog {unknown}
Potions
 d - a potion of might {unknown}
 e - a potion of mutation {unknown}


   Skills:
 + Level 1.0 Fighting
 + Level 1.0 Short Blades
 + Level 1.0 Long Blades
 + Level 1.0 Axes
 + Level 1.0 Maces & Flails
 + Level 1.0 Polearms
 + Level 1.0 Staves
 + Level 1.0 Slings
 + Level 1.0 Bows
 + Level 1.0 Crossbows
 + Level 1.0 Throwing
 + Level 1.0 Armour
 + Level 4.6 Dodging
 + Level 4.2 Stealth
 + Level 1.0 Shields
 + Level 1.0 Unarmed Combat
 + Level 5.0 Spellcasting
 + Level 2.2 Conjurations
 + Level 0.8 Hexes
 + Level 0.8 Summonings
 + Level 0.8 Necromancy
 + Level 0.8 Translocations
 + Level 0.8 Transmutations
 + Level 5.4 Fire Magic
 + Level 0.8 Ice Magic
 + Level 0.8 Air Magic
 + Level 0.8 Earth Magic
 + Level 0.8 Poison Magic
 + Level 1.1 Invocations
 + Level 1.0 Evocations


You had 12 spell levels left.
You knew the following spells:

 Your Spells              Type           Power        Failure   Level
a - Foxfire               Conj/Fire      ###.         2%          1

Your spell library contained the following spells:

 Spells                   Type           Power        Failure   Level
 Conjure Flame            Conj/Fire      ###.....     8%          3
 Inner Flame              Hex/Fire       ###.....     11%         3
 Sticky Flame             Conj/Fire      ###.....     26%         4
 Fireball                 Conj/Fire      ###.......   56%         5


Dungeon Overview and Level Annotations

Branches:
Dungeon (3/15)

Altars:

Annotations:
D:2 Ijyb


Innate Abilities, Weirdness & Mutations

Your experience applies equally to all skills.
You have very sharp teeth.
Your uncanny sense of smell can sniff out nearby items.


Message History

Ijyb hits you but does no damage.
You barely miss Ijyb.
Ijyb is almost dead.
The foxfire hits Ijyb.
Ijyb is almost dead.
The foxfire hits Ijyb but does no damage.
Ijyb is almost dead.
Ijyb hits you with a +0 dagger.
* * * LOW HITPOINT WARNING * * *
Ijyb barely misses you.
You climb upwards.
There is a stone staircase leading down here.
You completely miss Ijyb. You bite Ijyb, but do no damage.
Ijyb is almost dead.
Ijyb misses you.
You hit Ijyb but do no damage.
Ijyb is almost dead.
Ijyb completely misses you.
Ijyb zaps a wand.
The puff of flame hits you!
You die...

. ...........#.v..... #.#.
........##...... ..
#.#.#....... ##...<..
...#...##.#...###.......
...##.....#.#.##........
.†...........#......#......
.....##....................
.....#..#...#........)..)..
...÷......@.....[.^.....###
......#>##............... #
......g.#........#####.##
..# ####.##...##†....# ...
....#..÷....####.....####
...
.......†..###.............
##
......†<......##<....#####
.............#######..#
............## #....#


You could see Ijyb.

Vanquished Creatures
  4 adders (D:2)
  2 dart slugs (D:2)
  2 leopard geckos (D:2)
  A giant cockroach (D:1)
  3 goblins
  3 bats
  A frilled lizard (D:2)
  6 kobolds
  2 rats
24 creatures vanquished.

Vanquished Creatures (others)
  95 foxfires
  A plant (D:2)
96 creatures vanquished.

Grand Total: 120 creatures vanquished

Notes
Turn   | Place    | Note
-------+----------+-------------------------------------------
     0 | D:1      | Lanoc the Gnoll Fire Elementalist began the quest for the
                  | Orb.
     0 | D:1      | Reached XP level 1. HP: 13/13 MP: 6/6
   158 | D:1      | Reached XP level 2. HP: 19/19 MP: 4/7
   339 | D:2      | Reached skill level 5 in Spellcasting
   339 | D:2      | Reached XP level 3. HP: 25/25 MP: 3/9
   365 | D:2      | Reached skill level 1 in Invocations
   671 | D:2      | Reached skill level 1 in Fighting
   671 | D:2      | Reached skill level 1 in Short Blades
   671 | D:2      | Reached skill level 1 in Long Blades
   671 | D:2      | Reached skill level 1 in Axes
   671 | D:2      | Reached skill level 1 in Maces & Flails
   671 | D:2      | Reached skill level 1 in Polearms
   671 | D:2      | Reached skill level 1 in Staves
   671 | D:2      | Reached skill level 1 in Slings
   671 | D:2      | Reached skill level 1 in Bows
   671 | D:2      | Reached skill level 1 in Crossbows
   671 | D:2      | Reached skill level 1 in Throwing
   671 | D:2      | Reached skill level 1 in Armour
   671 | D:2      | Reached skill level 1 in Shields
   671 | D:2      | Reached skill level 1 in Unarmed Combat
   671 | D:2      | Reached skill level 1 in Evocations
   769 | D:2      | Reached XP level 4. HP: 32/32 MP: 4/11
   781 | D:3      | Noticed Ijyb
   798 | D:2      | Killed from afar by Ijyb

Illustrated notes

Levels and vault maps discovered:
D:1:      lightli_arrival_flooded_house, layout_rooms, hex_large
D:2:      layout_rooms, gammafunk_temple_overflow_forgotten
D:3:      layout_basic, eat_drink_and_be_merry_uskayaw, uniq_ijyb

Skill      XL: |  1  2  3 |
---------------+----------+-----
Conjurations   | 2 |  2.2
Spellcasting   | 5 |  5.0
Invocations    | 1 |  1.1
Fighting       | 1 |  1.0
Short Blades   | 1 |  1.0
Long Blades    | 1 |  1.0
Axes           | 1 |  1.0
Maces & Flails | 1 |  1.0
Polearms       | 1 |  1.0
Staves         | 1 |  1.0
Slings         | 1 |  1.0
Bows           | 1 |  1.0
Crossbows      | 1 |  1.0
Throwing       | 1 |  1.0
Armour         | 1 |  1.0
Shields        | 1 |  1.0
Unarmed Combat | 1 |  1.0
Evocations     | 1 |  1.0
Dodging        | |  4.6
Stealth        | |  4.2
Hexes          | |  0.8
Summonings     | |  0.8
Necromancy     | |  0.8
Translocations | |  0.8
Transmutations | |  0.8
Fire Magic     | |  5.4
Ice Magic      | |  0.8
Air Magic      | |  0.8
Earth Magic    | |  0.8
Poison Magic   | |  0.8

Action                   |  1- 3 |  4- 6 || total
-------------------------+-------+-------++-------
Melee: Unarmed           |     9 |     7 ||    16
       Bite              |     1 |     1 ||     2
 Cast: Foxfire           |    47 |     7 ||    54
Armor: Robe              |     2 |       ||     2
Dodge: Dodged            |    10 |     4 ||    14

Table legend: (Time is in decaauts)
 A = Elapsed time spent in this place.
 B = Non-inter-level travel time spent in this place.
 C = Inter-level travel time spent in this place.
 D = Time resting spent in this place.
 E = Time spent auto-exploring this place.
 F = Levels seen in this place.
 G = Mean time per level.
                   A        B        C        D        E       F      G
               +--------+--------+--------+--------+--------+-----+--------+
         Total |    798 |    774 |     24 |      0 |    651 |   3 |  266.0 |
       Dungeon |    798 |    774 |     24 |      0 |    651 |   3 |  266.0 |
               +--------+--------+--------+--------+--------+-----+--------+

Top non-repeatable levels by time:
     D:1: 486 daAuts
     D:2: 298 daAuts
     D:3: 13 daAuts
